 Dungeon Crawl Stone Soup version 0.30-a0-1053-gbd8d5ba0ad (webtiles) character file.

Game seed: 8462231612702757077

4683 quinnr the Zephyrmancer (level 10, 0/56 HPs)
             Began as a Deep Elf Air Elementalist on Apr 12, 2023.
             Was a Believer of Vehumet.
             Slain by a sleepcap (1 damage)
             ... on level 7 of the Dungeon.
             The game lasted 00:34:13 (11272 turns).

quinnr the Zephyrmancer (DEAE)                     Turns: 11272, Time: 00:34:14

Health: 0/56       AC:  3    Str:  5    XL:     10   Next: 21%
Magic:  2/18       EV: 15    Int: 25    God:    Vehumet [**....]
Gold:   341        SH:  0    Dex: 19    Spells: 6/17 levels left

rFire   . . .      SeeInvis .    e - +3 dagger (venom)
rCold   . . .      Faith    .    (no shield)
rNeg    . . .      Spirit   .    a - +0 robe
rPois   +          Reflect  .    o - +0 helmet
rElec   .          Rampage  .    (no cloak)
rCorr   .                        (no gloves)
Will    +....                    (no boots)
Stlth   +++++                    j - amulet "Bumpitidgh" {rPois Regen+ Dex+4 Stlth+}
HPRegen 1.09/turn                Z - ring of wizardry
MPRegen 0.16/turn                z - ring of wizardry

@: no status effects
A: no striking features
a: Renounce Religion


You were on level 7 of the Dungeon.
You worshipped Vehumet.
Vehumet was pleased with you.
You visited 2 branches of the dungeon, and saw 9 of its levels.
You also visited: Ossuary.

You collected 595 gold pieces.
You spent 254 gold pieces at shops.


   Skills:
 + Level 3.5 Fighting
 - Level 6.0 Dodging
 + Level 6.6 Stealth
 - Level 4.0 Spellcasting
 + Level 4.6 Conjurations
 - Level 2.0 Fire Magic
 - Level 12.0 Air Magic


You had 6 spell levels left.
You knew the following spells:

 Your Spells              Type           Power      Damage    Failure   Level
a - Airstrike             Air            30%        2d(5-21)  1%          4
f - Foxfire               Conj/Fire      84%        2x1d8     1%          1
i - Swiftness             Air            60%        N/A       1%          3
t - Static Discharge      Conj/Air       92%        2-6/arc   1%          2
z - Shock                 Conj/Air       100%       1d9       1%          1

Your spell library contained the following spells:

 Spells                   Type           Power      Damage    Failure   Level
 Poisonous Vapours        Pois/Air       70%        N/A       1%          2
 Necrotise                Necr           20%        1d5       2%          1
 Sublimation of Blood     Necr           5%         N/A       4%          2
 Wereblood                Tmut           5%         N/A       4%          2
 Vampiric Draining        Necr           5%         2d6       7%          3
 Agony                    Necr           5%         N/A       50%         5
 Summon Hydra             Summ           2%         N/A       100%        7

Inventory:

Hand Weapons
 e - a +3 dagger of venom (weapon)
 h - a +0 dagger
 y - a +0 dagger of draining
Missiles
 v - 5 poisoned darts
Armour
 a - a +0 robe (worn)
 k - a +0 helmet
 o - a +0 helmet (worn)
Jewellery
 j - the amulet "Bumpitidgh" (around neck) {rPois Regen+ Dex+4 Stlth+}
   (You found it on level 2 of the Dungeon)

   [amulet of regeneration]

   Dex:       It affects your dexterity (+4).
   rPois:     It protects you from poison.
   Regen:     It increases your rate of health regeneration.
   Stlth:     It makes you more stealthy.
 z - a ring of wizardry (right hand)
 Z - a ring of wizardry (left hand)
Scrolls
 g - 3 scrolls of fog
 i - a scroll of acquirement {unknown}
 n - 2 scrolls of teleportation {@r2}
 q - 2 scrolls of brand weapon {unknown}
 r - a scroll of silence {!r}
 s - 2 scrolls of summoning {unknown}
 u - a scroll of blinking {unknown}
 w - a scroll of poison
 x - a scroll of enchant weapon
 A - 2 scrolls of identify {@r1}
 C - 2 scrolls of fear {unknown}
 E - a scroll of enchant armour {unknown}
 F - a scroll of vulnerability {unknown}
Potions
 b - a potion of magic
 c - 6 potions of curing {@q1}
 d - a potion of flight
 f - 4 potions of mutation
 l - 3 potions of brilliance
 m - a potion of degeneration
 p - a potion of heal wounds {@q2}
 t - 3 potions of cancellation
 B - a potion of berserk rage {!q}
 D - 2 potions of resistance
 G - 3 potions of ambrosia
 H - a potion of attraction {unknown}
 I - a potion of invisibility {unknown}

Dungeon Overview and Level Annotations

Branches:
Dungeon (8/15)             Temple (1/1) D:5         Ossuary (visited)
   Lair: D:8-11

Altars:
Ashenzari
Dithmenos
Fedhas
Kikubaaqudgha
Ru
Vehumet
Wu Jian
Xom
Zin
The Shining One

Shops:
D:7 *

Annotations:
D:6 exclusion: oklob plant

#.##.# #...#.......# . #
#.##.#####'##.⌠...⌠.# ... #
#.##.##888.##....⌠..##....$ #
#.....'....8#...)...'..5..! #
###..##888.##..⌠....##HH..) #
##..####'##.⌠...⌠.# ... #
####..###...#....)..# . #
#..>....##..####'######## #
#...†...#.#.'.@O.#......# #
#.....÷.#####..f###.#...# #
#...........#######.##..#######
#....(...##.........###......##
#........##.#######.# #.####.##
###........##.# #.###'####...
...........##.### #.......#####
................# #.......###
................# #.........#


You could see an ogre (very poisoned) and a sleepcap.


Message History

Aim: an ogre, wielding a +0 giant club (ally target, empty space bonus: 1/8)
The air twists around and strikes the ogre.
The ogre is lightly wounded.
The foxfire hits the ogre.
The ogre is moderately wounded.
The foxfire hits the ogre.
The ogre is moderately wounded.
Casting: Airstrike (safe; 1% risk of failure)
Confirm with . or Enter, or press ? or * to list all spells.
You don't have enough magic to cast this spell.
Unknown command.
Unknown command.
Unknown command.
You hit the ogre.
The ogre is poisoned.
The ogre is heavily wounded.
The ogre hits you with a +0 giant club!!
You hit the ogre.
The ogre is severely wounded.
The sleepcap closely misses you. The ogre misses you.
You closely miss the ogre.
The ogre is severely wounded.
The sleepcap releases spores at you!
* * * LOW HITPOINT WARNING * * *
You are engulfed in a cloud of soporific spores!
You fall asleep.
The ogre hits you with a +0 giant club!!
You wake up.
* * * LOW HITPOINT WARNING * * *
The sleepcap releases spores at you.
You die...

Skill      XL: |  1  2  3  4  5  6  7  8  9 |
---------------+----------------------------+-----
Stealth        | 3 4 5 6 |  6.6
Conjurations   | 2 3 4 |  4.6
Spellcasting   | 4 |  4.0
Dodging        | 3 5 6 |  6.0
Air Magic      | 4 5 7 9 12 | 12.0
Fighting       | 1 2 3 |  3.5
Fire Magic     | 2 |  2.0

Action                     |  1- 3 |  4- 6 |  7- 9 | 10-12 || total
---------------------------+-------+-------+-------+-------++-------
  Melee: Unarmed           |    10 |       |       |       ||    10
         Dagger            |       |    12 |    36 |     3 ||    51
   Cast: Shock             |    92 |    93 |   160 |       ||   345
         Static Discharge  |     1 |     4 |    13 |       ||    18
         Airstrike         |       |       |    78 |     8 ||    86
         Foxfire           |       |       |    23 |    14 ||    37
    Use: Scroll            |       |     9 |    12 |       ||    21
         Potion            |       |     3 |     2 |       ||     5
   Stab: Sleeping          |       |       |     2 |       ||     2
 Armour: Robe              |     9 |     4 |    21 |       ||    34
         Skin              |       |     4 |     6 |       ||    10
  Dodge: Dodged            |    15 |    21 |    97 |     4 ||   137

Levels and vault maps discovered:
D:1:      kennysheep_arrival_forest, layout_rooms
D:2:      minmay_chambers_of_twos, layout_rooms, serial_corexii_hall,
          chequers_hall_statues_corner_a, chequers_hall_statues_corner_a,
          chequers_hall_statues_wall_a, chequers_hall_statues_y,
          corexii_hall_statues_i, chequers_hall_statues_y,
          shapermc_ecumenical_altar_flowoftime
D:3:      cheibrodos_old_hovel, layout_loops_ring, mainiacjoe_overflow_chevrons,
          minmay_misc_feat_square, kennysheep_generic_room_16
D:4:      layout_cave_pods, uniq_blork_the_orc, uniq_edmund
D:5:      layout_loops_corners, nicolae_ru_sacrificial_ziggurat,
          minmay_temple_entry_tees, serial_bayou_crossing, uniq_grinder,
          uniq_prince_ribbit1
D:6:      layout_loops_ring, tgw_fedhas, serial_aquarium,
          aquarium_bridge_straight [aquarium_subvault_bridge,
          aquarium_subvault_wall, aquarium_subvault_bridge,
          aquarium_subvault_window], aquarium_window_fake,
          aquarium_window_corridor_1, aquarium_view_2c, aquarium_view_2a
D:7:      minmay_chambers_of_sevens, layout_basic, evilmike_ruin_ashenzari,
          serial_shops, shop, minmay_quadrilaterals
D:8:      layout_basic, nicolae_ossuary_entry_plus
Temple:   compressed_dpeg_circular_temple

Notes
Turn   | Place    | Note
-------+----------+-------------------------------------------
     0 | D:1      | quinnr the Deep Elf Air Elementalist began the quest for
                  | the Orb.
     0 | D:1      | Reached XP level 1. HP: 10/10 MP: 6/6
   190 | D:1      | Reached XP level 2. HP: 15/15 MP: 5/8
   419 | D:1      | Reached skill level 3 in Stealth
   428 | D:1      | Reached skill level 2 in Conjurations
   613 | D:1      | Reached XP level 3. HP: 19/19 MP: 7/10
   675 | D:1      | Learned a level 2 spell: Static Discharge
  1257 | D:2      | Identified the amulet "Bumpitidgh" {rPois Regen+ Dex+4
                  | Stlth+}
  1357 | D:2      | Reached skill level 4 in Spellcasting
  1723 | D:2      | Found a faded altar of an unknown god.
  1829 | D:2      | Learned a level 3 spell: Swiftness
  1893 | D:2      | Reached XP level 4. HP: 24/24 MP: 3/12
  2641 | D:3      | Reached skill level 4 in Stealth
  2828 | D:3      | Noticed a scorpion
  2842 | D:3      | Killed a scorpion
  2843 | D:3      | Reached skill level 3 in Conjurations
  2843 | D:3      | Reached XP level 5. HP: 28/28 MP: 11/13
  3007 | D:3      | Reached skill level 3 in Dodging
  3254 | D:3      | Found a shadowy altar of Dithmenos.
  3726 | D:4      | Noticed Edmund
  3738 | D:5      | Entered Level 5 of the Dungeon
  3870 | D:5      | Noticed Prince Ribbit
  3918 | D:4      | Noticed a black bear
  4051 | D:5      | Found a staircase to the Ecumenical Temple.
  4055 | D:5      | You fall into a shaft and drop 1 floor!
  4143 | D:6      | Noticed a black bear
  4147 | D:5      | Noticed an ogre
  4169 | D:4      | Reached skill level 5 in Stealth
  4169 | D:4      | Reached skill level 4 in Conjurations
  4169 | D:4      | Reached skill level 4 in Air Magic
  4169 | D:4      | Reached XP level 6. HP: 22/32 MP: 12/14
  4219 | D:5      | Noticed Grinder
  4232 | D:5      | Killed Grinder
  4233 | D:5      | Reached skill level 5 in Air Magic
  4233 | D:5      | Reached skill level 1 in Fighting
  4264 | Temple   | Entered the Ecumenical Temple
  4271 | Temple   | Became a worshipper of Vehumet
  4326 | D:4      | Reached XP level 7. HP: 38/38 MP: 9/15
  4346 | D:4      | Killed Edmund
  4347 | D:4      | Reached skill level 2 in Fighting
  4347 | D:4      | Reached skill level 6 in Air Magic
  4680 | D:4      | Noticed Blork the orc
  4691 | D:4      | Killed Blork the orc
  5219 | D:5      | Found a sacrificial altar of Ru.
  5250 | D:5      | Reached skill level 7 in Air Magic
  5347 | D:5      | Learned a level 4 spell: Airstrike
  5368 | D:5      | Reached XP level 8. HP: 44/44 MP: 13/16
  5462 | D:5      | Killed Prince Ribbit
  5463 | D:5      | Reached skill level 8 in Air Magic
  5925 | D:5      | Reached skill level 9 in Air Magic
  7091 | D:6      | Found a blossoming altar of Fedhas.
  7111 | D:6      | Noticed an oklob plant
  7991 | D:6      | Reached skill level 4 in Dodging
  8019 | D:7      | Reached skill level 6 in Stealth
  8172 | D:7      | Reached skill level 3 in Fighting
  8305 | D:7      | Reached skill level 5 in Dodging
  8305 | D:7      | Reached XP level 9. HP: 50/50 MP: 8/17
  8550 | D:7      | Reached * piety under Vehumet
  8550 | D:7      | Offered knowledge of Foxfire by Vehumet.
  8553 | D:7      | Learned a level 1 spell: Foxfire
  8643 | D:7      | Reached skill level 6 in Dodging
  8643 | D:7      | Reached skill level 1 in Fire Magic
  8735 | D:7      | Reached skill level 2 in Fire Magic
  8931 | D:7      | Found a broken altar of Ashenzari.
  9116 | D:7      | Found Fifauwn's Assorted Antiques.
  9118 | D:7      | Identified 2 potions of resistance
  9127 | D:7      | Bought a scroll of identify for 40 gold pieces
  9127 | D:7      | Bought a scroll labelled QADGHO RUSE for 20 gold pieces
  9127 | D:7      | Bought a scroll labelled OQYBBI ZATACI for 20 gold pieces
  9127 | D:7      | Bought 3 fuming silvery potions for 54 gold pieces
  9127 | D:7      | Bought 2 potions of curing for 120 gold pieces
  9485 | D:8      | Reached skill level 10 in Air Magic
  9741 | D:8      | Found a sand-covered staircase.
  9748 | Ossuary  | Entered an ossuary
  9756 | Ossuary  | Offered knowledge of Poisonous Vapours by Vehumet.
  9778 | Ossuary  | Reached ** piety under Vehumet
  9951 | Ossuary  | Reached skill level 11 in Air Magic
 10726 | D:7      | Noticed a kobold demonologist
 10728 | D:7      | Noticed a manticore
 10978 | D:7      | Killed a manticore
 10979 | D:7      | Reached skill level 12 in Air Magic
 10979 | D:7      | Reached XP level 10. HP: 47/56 MP: 10/18
 11272 | D:7      | HP: 1/56 [ogre/+0 giant club (26)]
 11272 | D:7      | Slain by a sleepcap

Vanquished Creatures
  A manticore (D:7)
  A kobold demonologist (D:7)
  Prince Ribbit (D:5)
  Grinder (D:5)
  A slime creature (D:7)
  A vampire (D:7)
  A steam dragon (D:7)
  Edmund (D:4)
  2 water moccasins
  2 sky beasts (D:7)
  An ice beast (D:7)
  3 black bears
  2 orc warriors (D:7)
  An ogre (D:5)
  3 phantoms
  A centaur (D:7)
  2 kobold brigands
  3 bullfrogs
  Blork the orc (D:4)
  3 scorpions
  3 wights
  4 killer bees (D:8)
  3 howler monkeys (D:8)
  A jelly (D:7)
  2 orc priests
  A gnoll bouda (D:8)
  5 hounds
  2 human zombies (Ossuary)
  2 sleepcaps (D:7)
  An iguana (D:6)
  2 orc wizards
  2 hound zombies (Ossuary)
  4 mummies (Ossuary)
  4 gnolls (D:8)
  5 adders
  2 shadow imps
  A white imp (D:7)
  2 ufetubi
  4 worms
  A dart slug (D:5)
  13 orcs
  9 endoplasms
  4 giant cockroaches
  A gnoll zombie (Ossuary)
  7 goblins
  9 hobgoblins
  3 jackals (D:1)
  2 quokkas
  10 ball pythons
  10 bats
  4 frilled lizards
  2 goblin zombies (Ossuary)
  3 jackal zombies (Ossuary)
  18 kobolds
  7 rats
  2 rat zombies (Ossuary)
187 creatures vanquished.

Vanquished Creatures (others)
  62 foxfires
  34 plants
  18 toadstools (D:6)
114 creatures vanquished.

Grand Total: 301 creatures vanquished

Table legend: (Time is in decaauts)
 A = Elapsed time spent in this place.
 B = Non-inter-level travel time spent in this place.
 C = Inter-level travel time spent in this place.
 D = Time resting spent in this place.
 E = Time spent auto-exploring this place.
 F = Levels seen in this place.
 G = Mean time per level.
                   A        B        C        D        E       F      G
               +--------+--------+--------+--------+--------+-----+--------+
         Total |  11289 |  10896 |    393 |   1749 |   7407 |  10 | 1128.9 |
       Dungeon |  10848 |  10462 |    386 |   1623 |   7232 |   8 | 1356.0 |
        Temple |     14 |      7 |      7 |      0 |      0 |   1 |   14.0 |
       Ossuary |    425 |    425 |      0 |    126 |    175 |   1 |  425.0 |
               +--------+--------+--------+--------+--------+-----+--------+

Top non-repeatable levels by time:
     D:7: 2173 daAuts
     D:6: 1750 daAuts
     D:5: 1448 daAuts
     D:4: 1270 daAuts
     D:2: 1255 daAuts
     D:1: 1183 daAuts
     D:3: 1123 daAuts
     D:8: 642 daAuts
 Ossuary: 425 daAuts
  Temple: 14 daAuts

Table legend:
 A = Non-vault XP
 B = Vault XP
 C = Vault XP percentage of total XP
 D = Non-vault monster count
 E = Vault monster count
 F = Vault count percentage of total count
                 A         B        C        D         E       F
            +---------+---------+-------+---------+---------+-------
      Total |    3324 |    3366 |  50.3 |     140 |      47 |  25.1
            +---------+---------+-------+---------+---------+-------
        D:1 |      53 |       0 |   0.0 |      33 |       0 |   0.0
        D:2 |      31 |      33 |  51.6 |      13 |       8 |  38.1
        D:3 |     132 |       7 |   5.0 |      16 |       3 |  15.8
        D:4 |     399 |     257 |  39.2 |      16 |       2 |  11.1
        D:5 |     545 |     555 |  50.5 |      12 |       2 |  14.3
        D:6 |     455 |       0 |   0.0 |      11 |       0 |   0.0
        D:7 |     699 |    2314 |  76.8 |      17 |      16 |  48.5
        D:8 |    1010 |       0 |   0.0 |      22 |       0 |   0.0
    Ossuary |       0 |     200 | 100.0 |       0 |      16 | 100.0
            +---------+---------+-------+---------+---------+-------
